 Dungeon Crawl Stone Soup version 0.30-a0-46-g5a63ccc183 (webtiles) character file.

Game seed: 6131303012046878609

712 ytrimaz the Changer (level 7, 0/43 HPs)
             Began as an Octopode Transmuter on Sept 1, 2022.
             Was a Follower of Ashenzari.
             Slain by an orc
             ... wielding a +0 flail
              (2 damage)
             ... on level 6 of the Dungeon.
             The game lasted 00:08:46 (7035 turns).

ytrimaz the Changer (Octopode Transmuter)           Turns: 7035, Time: 00:08:47

Health: 0/43       AC:  1    Str:  9    XL:     7   Next: 68%
Magic:  10/13      EV: 13    Int: 17    God:    Ashenzari [*.....]
Gold:   828        SH:  0    Dex: 13    Spells: 4/14 levels left

rFire   . . .      SeeInvis +      - Unarmed
rCold   . . .      Faith    .    (no shield)
rNeg    . . .      Spirit   .    (helmet restricted)
rPois   .          Reflect  .    (no amulet)
rElec   .          Harm     .    m - ring "Distant Sorrow" {SInv, Comp, Cun} (curse)
rCorr   .          Rampage  .    q - ring of Ashenzari's Yoke {Fly, Evo, Cun} (curse)
Will    +....                    s - ring of willpower
Stlth   ++........               (no ring)
HPRegen 0.14/turn                (no ring)
MPRegen 0.13/turn                (no ring)
                                 (no ring)
                                 (no ring)

@: wereblooded (expiring), flying
A: almost no armour, amphibious, 8 rings, camouflage 1, gelatinous body 1,
(nimble swimmer 1), tentacles
a: Renounce Religion, Shatter the Chains


You were on level 6 of the Dungeon.
You worshipped Ashenzari.
Ashenzari was aware of your devotion.
You visited 1 branch of the dungeon, and saw 6 of its levels.

You collected 828 gold pieces.


Innate Abilities, Weirdness & Mutations

You cannot wear most types of armour.
You are amphibious.
You can wear up to eight rings at the same time.
Your skin changes colour to match your surroundings (Stealth+).
Your rubbery body absorbs attacks. (AC +1, EV +1)
((You are camouflaged when in or above water. (Stealth+)))
You have tentacles for arms and can constrict up to eight enemies at once.


   Skills:
 - Level 1.0 Fighting
 - Level 2.0(3.0) Dodging
 - Level 4.2 Unarmed Combat
 + Level 4.3 Spellcasting
 + Level 4.4 Transmutations
 + Level 2.9 Ice Magic
 - Level 4.0 Poison Magic


You had 4 spell levels left.
You knew the following spells:

 Your Spells              Type           Power      Damage    Failure   Level
a - Beastly Appendage     Tmut           36%        N/A       2%          1
b - Wereblood             Tmut           18%        N/A       3%          2
c - Spider Form           Tmut/Pois      18%        N/A       9%          3
d - Ice Form              Ice/Tmut       16%        N/A       32%         4

Your spell library contained the following spells:

 Spells                   Type           Power      Damage    Failure   Level
 Freeze                   Ice            52%        1d7       4%          1
 Passwall                 Tmut/Erth      9%         N/A       10%         2
 Ensorcelled Hibernation  Hex/Ice        16%        N/A       13%         2
 Frozen Ramparts          Ice            26%        1d4       14%         3
 Sublimation of Blood     Necr           4%         N/A       22%         2
 Dazzling Flash           Conj/Hex       6%         N/A       43%         3
 Swiftness                Air            3%         N/A       43%         3
 Hailstorm                Conj/Ice       8%         3d4       63%         4
 Iskenderun's Mystic Bla  Conj/Tloc      3%         2d3       83%         4
 Agony                    Necr           4%         N/A       99%         5
 Silence                  Hex/Air        1%         N/A       99%         5
 Dispersal                Tloc           1%         N/A       100%        6
 Starburst                Conj/Fire      1%         6d3       100%        6
 Summon Hydra             Summ           2%         N/A       100%        7
 Disjunction              Tloc           1%         N/A       100%        8
 Chain Lightning          Conj/Air       1%         3d2       100%        9
 Fire Storm               Conj/Fire      1%         8d1       100%        9
 Shatter                  Erth           1%         3d6*      100%        9

Inventory:

Missiles
 c - 68 stones {throwing}
 j - 3 javelins {throwing}
 l - 3 poisoned darts {throwing}
 n - a boomerang {throwing}
Jewellery
 m - the cursed ring "Distant Sorrow" (left tentacle) {SInv, Comp, Cun}
   (You took it off a kobold on level 3 of the Dungeon)

   [ring of see invisible]

   SInv:      It lets you see invisible.
   It has a curse which improves the following skills: Companions: Summonings
   and Necromancy.
   Cunning:   Dodging and Stealth.
 q - the cursed ring of Ashenzari's Yoke (right tentacle) {Fly, Evo, Cun}
   (You found it on level 4 of the Dungeon)

   [ring of flight]

   Fly:       It grants you flight.
   It has a curse which improves the following skills: Evocations: Evocations.
   Cunning:   Dodging and Stealth.
 s - a ring of willpower (on tentacle)
   (You found it on level 4 of the Dungeon)
Wands
 t - a wand of digging (1)
   (You found it on level 5 of the Dungeon)
 u - a wand of flame (16)
   (You found it on level 5 of the Dungeon)
Scrolls
 b - 4 scrolls of teleportation {@r4}
 d - a scroll of magic mapping {!r}
 h - a scroll of silence {!r}
 i - 3 scrolls of enchant weapon
 k - 4 scrolls of fear
 o - 2 scrolls of immolation {!r!r}
 v - a scroll of blinking {!r}
Potions
 a - a potion of attraction {!q}
 e - 2 potions of might
 f - a potion of cancellation
 g - 2 potions of haste {@q3}
 p - a potion of brilliance
 r - 2 potions of mutation {!q}
 w - 2 potions of resistance

Dungeon Overview and Level Annotations

Branches:
Dungeon (6/15) Zot: 26566
 Temple: D:4-7

Altars:
Ashenzari
Dithmenos
Elyvilon
Hepliaklqana
Qazlal

.#.##...# ..#
........# #.#
##......#######.#
.............##.#
.......$.....##.######
#...................#
#..........c........#
....#####...#........#
##. ##..#@.......# .
##.o........#
#..........#
#....).....#
#..........##
#.....#.....#
#............#
#.......###...
#......##.##..


You could see a centaur and an orc.


Message History

An ufetubus comes into view.
You see here 16 gold pieces.
Unknown command.
An ufetubus is nearby!
An ufetubus is nearby!
An ufetubus is nearby!
Unknown command.
An ufetubus is nearby!
Unknown command.
Casting: Spider Form (dangerous; 9% risk of failure)
Confirm with . or Enter, or press ? or * to list all spells.
You turn into a venomous arachnid creature. 😎 MP[-3]
You lost 3 mp, and now have 10/13 mp.
Unknown command.
You hit the ufetubus.
The ufetubus is poisoned.
The ufetubus misses you. The ufetubus hits you.
The ufetubus completely misses you. The ufetubus misses you. 😕 HP[-3]
You take 3 damage, and now have 40/43 hp.
You hit the ufetubus.
You kill the ufetubus!
No target in view!
Unknown command.
Your transformation is almost over.
Your transformation has ended. 😕 HP[+2] MP[+2]
You regained 2 hp, and now have 42/43 hp.
You regained 2 mp, and now have 12/13 mp.
w - 2 potions of resistance 😎 HP[+1] MP[+1]
Your hp is fully restored (43).
Your mp is fully restored (13).
c - 68 stones {throwing} (gained 5)
You now have 821 gold pieces (gained 16).
You now have 828 gold pieces (gained 7).
Key pressed, stopping explore.
Unknown command.
An orc comes into view. It is wielding a +0 flail.
Unknown command.
An orc is nearby!
An orc is nearby!
Unknown command.
An orc is nearby!
Casting: Spider Form (dangerous; 9% risk of failure)
Confirm with . or Enter, or press ? or * to list all spells.
You turn into a venomous arachnid creature. 😎 MP[-3]
You lost 3 mp, and now have 10/13 mp.
Unknown command.
Casting: Spider Form (quite dangerous; 22% risk of failure)
Confirm with . or Enter, or press ? or * to list all spells.
Your blood is infused with primal strength. 😎 MP[-2]
You lost 2 mp, and now have 8/13 mp.
Unknown command.
A centaur comes into view.
The centaur wields a +0 shortbow.
The centaur shoots an arrow.
The arrow hits you.
The centaur shoots an arrow.
The arrow hits you! The orc closely misses you.
You are too injured to fight recklessly! 😮 HP[-15]
You take 15 damage, and now have 28/43 hp.
MASSIVE DAMAGE!! (PAUSE)
You are too injured to fight recklessly!
You completely miss the orc.
The centaur shoots an arrow.
The arrow misses you. The orc hits you with a +0 flail!
* * * LOW HITPOINT WARNING * * *
You hear a shout! 😨 HP[-7]
You take 7 damage, and now have 21/43 hp.
Unknown command.
Unknown command.
The orc completely misses you. 😨 MP[+1]
The orc attacks as you move away! The orc closely misses you.
Your transformation is almost over.
The orc attacks as you move away! The orc misses you.
The orc misses you. 😮 HP[+1]
You hit the orc.
The centaur shoots an arrow.
The arrow closely misses you. The orc completely misses you.
Unknown command.
You completely miss the orc.
The centaur shoots an arrow.
The arrow hits you!
* * * LOW HITPOINT WARNING * * *
The orc closely misses you. 😨 HP[-11] MP[+1]
You take 11 damage, and now have 11/43 hp.
MASSIVE DAMAGE!! (PAUSE)
You hit the orc but do no damage.
Unknown command.
Okay, then.
Your primal bloodlust is almost over.
The orc barely misses you.
The centaur shoots an arrow.
The arrow hits you!
* * * LOW HITPOINT WARNING * * *
😱 HP[-9]
You take 9 damage, and now have 2/43 hp.
MASSIVE DAMAGE!! (PAUSE)
Your transformation has ended.
The orc hits you with a +0 flail.
You die...

Skill      XL: |  1  2  3  4  5  6  7 |
---------------+----------------------+-----
Unarmed Combat | 4 |  4.2
Poison Magic   | 1 2 3 4 |  4.0
Transmutations | 3 4 |  4.4
Spellcasting   | 3 4 |  4.3
Ice Magic      | 1 2 |  2.9
Fighting       | |  1.0
Dodging        | |  2.0

Action                   |  1- 3 |  4- 6 |  7- 9 || total
-------------------------+-------+-------+-------++-------
Melee: Unarmed           |    91 |   138 |    57 ||   286
       Constrict         |    24 |    11 |       ||    35
       Kick              |     9 |     6 |       ||    15
       Tentacles         |    12 |    11 |       ||    23
 Cast: Beastly Appendage |    17 |     8 |       ||    25
       Spider Form       |     2 |    16 |     7 ||    25
       Wereblood         |       |       |     1 ||     1
Invok: Curse Item        |       |     1 |     1 ||     2
  Use: Potion            |     3 |     3 |     1 ||     7
       Scroll            |     4 |     5 |     3 ||    12
 Stab: Sleeping          |     4 |     5 |       ||     9
Armor: Skin              |    13 |    10 |     4 ||    27
Dodge: Dodged            |    55 |    89 |    64 ||   208

Levels and vault maps discovered:
D:1:      dpeg_arrival_long_road, layout_rooms, minmay_tripent
D:2:      layout_loops_corners, dreamdust_ecumenical_altar_angels_and_demons,
          grunt_ministairs_3
D:3:      layout_loops_ring, mainiacjoe_overflow_paths,
          nicolae_hepliaklqana_monster_ancestors, grunt_ministairs_6
D:4:      layout_cave_pools, mainiacjoe_overflow_small_starburst
D:5:      layout_basic, grunt_qazlal_clouds
D:6:      layout_basic, nicolae_dithmenos_through_a_glass_darkly,
          minmay_temple_entry_ruins, uniq_sigmund

Notes
Turn   | Place    | Note
-------+----------+-------------------------------------------
     0 | D:1      | ytrimaz the Octopode Transmuter began the quest for the
                  | Orb.
     0 | D:1      | Reached XP level 1. HP: 13/13 MP: 3/3
     0 | D:1      | magus.rc [v1.9.6]
   346 | D:1      | Reached XP level 2. HP: 17/18 MP: 3/5
   397 | D:1      | HP: 5/27 [hobgoblin (3)]
   726 | D:1      | Reached skill level 4 in Unarmed Combat
  1093 | D:1      | Reached XP level 3. HP: 23/23 MP: 6/6
  1444 | D:2      | Learned a level 2 spell: Wereblood
  1448 | D:2      | Learned a level 3 spell: Spider Form
  1679 | D:2      | Found a faded altar of an unknown god.
  1701 | D:2      | You pick up a book of Annihilations and begin reading...
  1701 | D:2      | You add the spells Chain Lightning, Fire Storm and Shatter
                  | to your library.
  1935 | D:2      | Reached skill level 1 in Poison Magic
  2228 | D:2      | Reached XP level 4. HP: 18/28 MP: 3/7
  3051 | D:3      | Found a broken altar of Ashenzari.
  3078 | D:3      | You pick up a book of Blood and begin reading...
  3078 | D:3      | You add the spells Sublimation of Blood and Summon Hydra to
                  | your library.
  3260 | D:3      | Reached skill level 2 in Poison Magic
  3353 | D:3      | HP: 6/28 [shadow imp/nerve-wracking pain (6)]
  3354 | D:3      | HP: 2/28 [shadow imp (3)]
  3841 | D:3      | Reached XP level 5. HP: 30/33 MP: 4/8
  4037 | D:3      | You pick up a book of Burglary and begin reading...
  4037 | D:3      | You add the spells Passwall, Ensorcelled Hibernation and
                  | Swiftness to your library.
  4249 | D:3      | Found a hazy altar of Hepliaklqana.
  4450 | D:3      | Became a worshipper of Ashenzari the Shackled
  4511 | D:4      | Noticed a phantom
  4526 | D:4      | Killed a phantom
  4527 | D:4      | Reached skill level 3 in Transmutations
  4527 | D:4      | Reached skill level 3 in Poison Magic
  4625 | D:4      | Reached XP level 6. HP: 24/38 MP: 6/10
  4633 | D:4      | Learned a level 4 spell: Ice Form
  5138 | D:4      | You pick up a book of the Warp and begin reading...
  5138 | D:4      | You add the spells Dispersal and Disjunction to your
                  | library.
  5174 | D:4      | Found a white marble altar of Elyvilon.
  5224 | D:4      | Reached skill level 3 in Spellcasting
  5224 | D:4      | Reached skill level 4 in Poison Magic
  5397 | D:4      | Reached skill level 1 in Ice Magic
  5550 | D:5      | Entered Level 5 of the Dungeon
  5627 | D:5      | You pick up a book of Changes and begin reading...
  5642 | D:5      | Found a stormy altar of Qazlal.
  5702 | D:5      | HP: 9/38 [poisoned by a gnoll]
  5703 | D:5      | Reached XP level 7. HP: 10/43 MP: 12/12
  5922 | D:5      | Reached skill level 2 in Ice Magic
  6073 | D:5      | You pick up a book of Frost and begin reading...
  6073 | D:5      | You add the spells Freeze, Frozen Ramparts and Hailstorm to
                  | your library.
  6103 | D:5      | Reached skill level 4 in Spellcasting
  6103 | D:5      | Reached skill level 4 in Transmutations
  6361 | D:5      | Identified a scroll of acquirement
  6361 | D:5      | Acquired 524 gold pieces
  6574 | D:5      | Reached * piety under Ashenzari
  6621 | D:6      | You pick up a book of Spectacle and begin reading...
  6621 | D:6      | You add the spells Dazzling Flash, Iskenderun's Mystic
                  | Blast and Starburst to your library.
  6630 | D:6      | You pick up a book of the Senses and begin reading...
  6630 | D:6      | You add the spells Agony and Silence to your library.
  6780 | D:6      | Found a shadowy altar of Dithmenos.
  7034 | D:6      | HP: 2/43 [centaur/arrow (9)]
  7035 | D:6      | Slain by an orc

Vanquished Creatures
  An ogre (D:4)
  A centaur (D:6)
  3 phantoms
  2 hounds
  A gnoll bouda (D:5)
  2 iguanas
  4 gnolls (D:5)
  2 adders
  3 shadow imps
  A white imp (D:6)
  An ufetubus (D:6)
  6 worms
  3 dart slugs
  2 orcs
  5 endoplasms
  4 giant cockroaches
  9 goblins
  7 hobgoblins
  2 jackals (D:1)
  2 quokkas
  9 ball pythons
  5 bats
  A frilled lizard (D:3)
  10 kobolds
  6 rats
  A spectral goblin (D:3)
93 creatures vanquished.

Table legend:
 A = Non-vault XP
 B = Vault XP
 C = Vault XP percentage of total XP
 D = Non-vault monster count
 E = Vault monster count
 F = Vault count percentage of total count
                 A         B        C        D         E       F
            +---------+---------+-------+---------+---------+-------
      Total |    1005 |      13 |   1.3 |      85 |       8 |   8.6
            +---------+---------+-------+---------+---------+-------
        D:1 |      38 |       4 |   9.5 |      21 |       2 |   8.7
        D:2 |      57 |       4 |   6.6 |      19 |       2 |   9.5
        D:3 |      90 |       5 |   5.3 |      18 |       4 |  18.2
        D:4 |     359 |       0 |   0.0 |      13 |       0 |   0.0
        D:5 |     252 |       0 |   0.0 |       9 |       0 |   0.0
        D:6 |     209 |       0 |   0.0 |       5 |       0 |   0.0
            +---------+---------+-------+---------+---------+-------

Illustrated notes

Table legend:
 A = Kills in this place as a percentage of kills in entire the game.
 B = Kills by you in this place as a percentage of kills by you in the entire game.
 C = Kills by friends in this place as a percentage of kills by friends in the entire game.
 D = Other kills in this place as a percentage of other kills in the entire game.
 E = Experience gained in this place as a percentage of experience gained in the entire game.
 F = Experience gained in this place divided by the number of levels of this place that you have seen.
                   A       B       C       D       E      F
               +-------+-------+-------+-------+-------+----------------------
         Total | 100.0 | 100.0 |   N/A |   N/A | 100.0 | 169.7
       Dungeon | 100.0 | 100.0 |   N/A |   N/A | 100.0 | 169.7
               +-------+-------+-------+-------+-------+----------------------

Table legend: (Time is in decaauts)
 A = Elapsed time spent in this place.
 B = Non-inter-level travel time spent in this place.
 C = Inter-level travel time spent in this place.
 D = Time resting spent in this place.
 E = Time spent auto-exploring this place.
 F = Levels seen in this place.
 G = Mean time per level.
                   A        B        C        D        E       F      G
               +--------+--------+--------+--------+--------+-----+--------+
         Total |   6989 |   6836 |    153 |    560 |   5423 |   6 | 1164.8 |
       Dungeon |   6989 |   6836 |    153 |    560 |   5423 |   6 | 1164.8 |
               +--------+--------+--------+--------+--------+-----+--------+

Top non-repeatable levels by time:
     D:2: 1579 daAuts
     D:3: 1433 daAuts
     D:1: 1415 daAuts
     D:4: 1080 daAuts
     D:5: 1046 daAuts
     D:6: 432 daAuts
